[Event "Early-Titled-Tuesday-Blitz-October-03-2023"]
[Site "Chess.com"]
[Date "2023.10.03"]
[Round "4"]
[White "Kirill_Klukin"]
[Black "Anton_Demchenko"]
[Result "0-1"]
[WhiteElo "2700"]
[BlackElo "2917"]
[TimeControl "180+1"]
[EndTime "8:41:11 PDT"]
[Termination "Anton_Demchenko won by resignation"]

1. d4 Nf6 2. c4 d6 3. Nc3 e5 4. Nf3 Nc6 5. Bg5 h6 6. Bh4 exd4 7. Nxd4 Nxd4 8. Qxd4 g5 9. Bg3 Bg7 10. e3 O-O 11.
Qd2 Be6 12. h3 Re8 13. Be2 d5 14. cxd5 Nxd5 15. Ne4 Qe7 16. O-O Red8 17. Qa5 b6 18. Qa4 Qb4 19. Qxb4 Nxb4 20. Bxc7 Rd7 21. Bg3 f5 22. Nc3 Rd2 23. Bf3 Rad8 24. Nb5 Bxb2 25. Rad1 Bc4 26. Nd6 Rxd1 27. Rxd1 Bxa2 28. Nxf5 Rxd1+ 29.
Bxd1 a5 30. Nxh6+ Kh7 31. Ng4 b5 32. Bd6 Be6 33. Ne5 Kg7 34. Bxb4 axb4 35. Nc6 Bc3 36.
Na5 Kf6 37. Bb3 Bd7 38. Kf1 Ke7 39. Ke2 Kd6 40. Kd3 Kc7 41. Bd5 Kd6 42. e4 Be1 43. Ke2 Bc3 44. Kd3 Bc8 45. Nb3 Be5 46. Nd2 Bf4 47.
Nb3 Bh2 48. Nd4 Bd7 49. Nc2 Kc5 50. Nd4 Bg1 51. Nb3+ Kd6 52. Ke2 Ke5 53. Kf1 Bh2 54.
Ke2 Bf4 55. Kd3 Bh2 56. Ke2 Kd6 57. Nd4 Be5 58. Nb3 Bc3 59. Kd3 Ke5 60. g3 Bxh3 61.
Nc5 Bf1+ 62. Kc2 Bc4 63. Nb3 Be1 64. Na5 Kd4 65. Nxc4 bxc4 66. Bxc4 Kxc4 67. f4 b3+ 68. Kb2 Bxg3 69. fxg5 Be5+ 70. Kb1 Kd3 71. g6 Kxe4 72.
g7 Bxg7 0-1

[Event "Early-Titled-Tuesday-Blitz-October-03-2023"]
[Site "Chess.com"]
[Date "2023.10.03"]
[Round "4"]
[White "K_A_S_T_O_R"]
[Black "Eagle_2019"]
[Result "1/2-1/2"]
[WhiteElo "2896"]
[BlackElo "2684"]
[TimeControl "180+1"]
[EndTime "8:41:14 PDT"]
[Termination "Game drawn by repetition"]

1. e4 c5 2. Nf3 e6 3. d4 cxd4 4. Nxd4 Nf6 5. Nc3 Nc6 6. Ndb5 Bc5 7. Bf4 O-O 8. Bc7 Qe7 9. Bd6 Bxd6 10. Qxd6 Qd8 11. O-O-O a6 12. Nd4 Ne7 13. f3 b5 14. g4 Ne8 15. Qg3 b4 16. Nce2 Qa5 17.
Kb1 d6 18. Nc1 e5 19. Nf5 Ng6 20. Bc4 Qc5 21. Bd5 Ra7 22. Nd3 Qb6 23. Qg1 Qxg1 24.
Rhxg1 a5 25. h4 Ba6 26. h5 Bxd3 27. hxg6 hxg6 28. Rxd3 gxf5 29. gxf5 Nf6 30. Bc4 Rc8 31. b3 Rd8 32. Rgd1 Kh7 33. Rxd6 Rxd6 34. Rxd6 Kh6 35. f4 Re7 36. fxe5 Rxe5 37. Bxf7 Kg5 38. Bd5 Nxd5 39.
exd5 Kxf5 40. Kc1 Ke4 41. Rg6 Kxd5 42. Rxg7 Kc6 43. Kb2 Kb6 44. Rg8 Rf5 45. Rc8 Re5 46.
a3 Rf5 47. Rc4 Kb5 48. Re4 Rg5 49. Re6 Rf5 50. a4+ Kc5 51. Ra6 Kd4 52. Rc6 Re5 53.
Rc4+ Kd5 54. Rc8 Kd6 55. Kc1 Rc5 56. Rxc5 Kxc5 57. Kd1 Kd5 58. Ke2 Ke4 59. Kd2 Kd4 60. Kd1 Kd5 61. Kc1 Kc5 62. Kd2 Kd4 63. Ke2 Kc3 64. Kd1 Kd4 65. Kd2 Ke4 66. c3 bxc3+ 67. Kxc3 Kd5 68. Kd3 Kc5 69. Kc2 Kd4 70. Kd2 Kc5 71.
Kc3 Kd5 72. Kb2 Kd4 73. Ka3 Kc3 74. Ka2 Kc2 75. Ka3 Kc3 76. Ka2 Kc2 77. Ka3 Kc3 1/2-1/2

[Event "Early-Titled-Tuesday-Blitz-October-03-2023"]
[Site "Chess.com"]
[Date "2023.10.03"]
[Round "4"]
[White "Denis_Makhnyov"]
[Black "Daffidollchess2"]
[Result "1/2-1/2"]
[WhiteElo "2939"]
[BlackElo "2715"]
[TimeControl "180+1"]
[EndTime "8:41:16 PDT"]
[Termination "Game drawn - insufficient material"]

1. f4 Nf6 2. Nf3 g6 3. g3 Bg7 4. Bg2 d6 5. O-O O-O 6. Nc3 Nc6 7. e4 e5 8. d3 Bg4 9. h3 Bxf3 10. Bxf3 Nd4 11. Bg2 Nh5 12. Kh2 b5 13. Ne2 Nxe2 14. Qxe2 f5 15. exf5 exf4 16. gxf4 Rb8 17. fxg6 hxg6 18.
Qg4 Qf6 19. Bd2 Rbe8 20. Rae1 Rxe1 21. Bxe1 Nxf4 22. Bg3 Bh6 23. Be4 Kg7 24. Kh1 Qg5 25. Rxf4 Rxf4 26. Bxf4 Qxf4 27. Qxg6+ Kf8 28. Qg1 Bg7 29.
b3 Be5 30. Bd5 Ke7 31. Be4 b4 32. Bd5 a5 33. Be4 Kf8 34. Bd5 Ke7 35. Bc6 Kf8 36.
Be4 Ke7 37. Bg2 Qg3 38. Bf1 Qf4 39. Qg2 d5 40. Qe2 Kd6 41. Qg2 c6 42. Qg1 Qd2 43.
Bg2 Qxc2 44. Qf1 Kc5 45. Qe1 Qc3 46. Qf2+ Qd4 47. Qf8+ Bd6 48. Qf1 Qf4 49. Qg1+ Qd4 50. Qc1+ Kb6 51. Qf1 Qf4 52. Qxf4 Bxf4 53. h4 Kc5 54. Bh3 Kd4 55. Bd7 c5 56. Bb5 Kc3 57.
Kg2 Kb2 58. Bc6 Kxa2 59. Bxd5 Ka3 60. Kf3 Bh6 61. Ke4 a4 62. bxa4 Kxa4 63. Bc4 b3 64.
Kd5 b2 65. Ba2 Kb4 66. h5 Be3 67. Bb1 Bh6 68. d4 cxd4 69. Kxd4 Bc1 70. Ke4 Bh6 71. Kf5 Bc1 72. Kg6 Kc3 73. Ba2 Be3 74. h6 Bxh6 75. Kxh6 Kc2 76. Kg6 b1=Q 77. Bxb1+ 1/2-1/2

[Event "Early-Titled-Tuesday-Blitz-October-03-2023"]
[Site "Chess.com"]
[Date "2023.10.03"]
[Round "4"]
[White "Aleksandar-Topalov"]
[Black "chess94cu"]
[Result "1-0"]
[WhiteElo "2413"]
[BlackElo "2668"]
[TimeControl "180+1"]
[EndTime "8:41:19 PDT"]
[Termination "Aleksandar-Topalov won on time"]

1. b3 c5 2. Bb2 Nc6 3. Nf3 d6 4. d4 cxd4 5. Nxd4 Nf6 6. c4 e6 7. Nc3 Be7 8. e3 O-O 9. Be2 a6 10. O-O Qc7 11. Rc1 Nxd4 12. Qxd4 b6 13. Bf3 Bb7 14. Bxb7 Qxb7 15. Rfd1 Rfd8 16. a4 Bf8 17.
f3 d5 18. cxd5 Nxd5 19. Nxd5 Rxd5 20. Qc4 Rad8 21. Rxd5 Rxd5 22. Rc2 b5 23. axb5 axb5 24. Qe2 Qd7 25. Kf2 Rd3 26. Bc3 b4 27. Rd2 Rxd2 28.
Bxd2 Qc7 29. Qc4 Qxc4 30. bxc4 b3 31. Bc1 Be7 32. c5 Bxc5 33. Ke2 Be7 34. Bb2 Bc5 35. Kd3 Kf8 36. e4 Bd6 37. h3 f6 38.
Kc4 Kf7 39. Kxb3 Kg6 40. Bc1 Kh5 41. Be3 Kh4 42. Bf2+ Bg3 43. Bg1 Be1 44. Bh2 e5 45. Kc4 h5 46. Kd5 Bg3 47. Bg1 Kg5 48. Ke6 Kg6 49.
Ke7 f5 50. Ke6 fxe4 51. fxe4 Kg5 52. Be3+ Bf4 53. Bf2 g6 54. Kf7 h4 55. Kg7 Kh5 56. Kf7 g5 57. Ke6 g4 58. Kf5 gxh3 59.
gxh3 Bh2 60. Bc5 Bf4 61. Bd6 Bg3 62. Bxe5 Bf2 63. Bf4 Bg3 64. e5 Bf2 65. e6 Bc5 66. Be5 Be7 67. Bf6 1-0

[Event "Early-Titled-Tuesday-Blitz-October-03-2023"]
[Site "Chess.com"]
[Date "2023.10.03"]
[Round "4"]
[White "Frolyanov_D"]
[Black "guillembaches"]
[Result "1-0"]
[WhiteElo "2676"]
[BlackElo "2509"]
[TimeControl "180+1"]
[EndTime "8:41:21 PDT"]
[Termination "Frolyanov_D won on time"]

1. d4 d5 2. c4 Nc6 3. Nf3 Bg4 4. cxd5 Bxf3 5. gxf3 Qxd5 6. e3 e5 7. Nc3 Bb4 8. a3 Bxc3+ 9. bxc3 Qd6 10. Qb3 O-O-O 11. a4 Nge7 12. Rb1 b6 13. Ba3 Qf6 14. Bg2 exd4 15.
cxd4 Nf5 16. f4 Ncxd4 17. exd4 Nxd4 18. Qh3+ Kb8 19. O-O Ne2+ 20. Kh1 Nxf4 21. Qf3 Nxg2 22. Qxf6 gxf6 23. Kxg2 Rhg8+ 24. Kh1 Rd3 25. Be7 Rg4 26. a5 f5 27. Bf6 Kb7 28. Be5 Re4 29.
f4 Re2 30. Rfe1 Rc2 31. Rec1 Rxc1+ 32. Rxc1 c5 33. Kg2 Kc6 34. axb6 axb6 35. h4 b5 36. h5 b4 37. Kf2 Kd5 38. Ke2 Rh3 39. Rd1+ Ke4 40.
Rd7 Rh2+ 41. Kd1 c4 42. Rd4+ Ke3 43. Rxc4 b3 44. Rc3+ Ke4 45. Rxb3 Rxh5 46. Rb4+ Kf3 47. Rb6 Rh2 48. Rf6 Ke4 49. Rxf7 h5 50. Rg7 h4 51.
Ke1 h3 52. Kf1 Kf3 53. Kg1 Re2 54. Rg5 Ke4 55. Rg3 h2+ 56. Kh1 Rc2 57. Rg2 Rc1+ 58. Kxh2 Kf3 59. Rg3+ Kf2 60. Rg2+ Kf3 61. Rb2 Rc8 62.
Rb3+ Kg4 63. Rg3+ Kh4 64. Rg5 Rc2+ 65. Kg1 Rc1+ 66. Kf2 Rc2+ 67. Ke3 Kh3 68. Kd4 Ra2 69. Rxf5 Kg4 70. Rg5+ Kf3 71. Kd5 Rd2+ 72. Ke6 1-0

[Event "Early-Titled-Tuesday-Blitz-October-03-2023"]
[Site "Chess.com"]
[Date "2023.10.03"]
[Round "4"]
[White "PoXerStar"]
[Black "Nbk90"]
[Result "1-0"]
[WhiteElo "2425"]
[BlackElo "2112"]
[TimeControl "180+1"]
[EndTime "8:41:22 PDT"]
[Termination "PoXerStar won by checkmate"]

1. d4 Nf6 2. Nc3 d5 3. Bf4 e6 4. e3 Be7 5. Nb5 Na6 6. Nf3 Bd7 7. h3 O-O 8. a3 c5 9. Nc3 Qb6 10. Rb1 Nb8 11. dxc5 Bxc5 12. Bd3 Nc6 13. O-O Be7 14. Nd4 Rac8 15. Nce2 Rfe8 16. Bg5 e5 17. Nf5 e4 18.
Nxe7+ Nxe7 19. Bxf6 Qxf6 20. Bxe4 dxe4 21. Qxd7 Red8 22.
Qxb7 Rxc2 23. Nd4 Rd2 24. Qxa7 Nf5 25. Qa5 Nxd4 26. exd4 Qxd4 27. Qf5 g6 28. Qf4 Rc8 29. b4 Rcc2 30. b5 Qb6 31. Qxe4 Rxf2 32. Rxf2 Qxf2+ 33. Kh1 Rc8 34. b6 Qa2 35. b7 Rb8 36. a4 Qa3 37.
Qc6 Qa2 38. Qc8+ Kg7 39. Qc3+ f6 40. Qb3 Qf2 41. a5 Qa7 42. a6 Qxa6 43. Qf3 Qd6 44. Qc3 Kh6 45. Qc1+ Kg7 46. Qc8 Qe5 47. Rc1 Kh6 48. Qc7 Qxc7 49. Rxc7 Kg5 50. Kg1 h5 51. Kf2 f5 52. Kf3 Kf6 53. h4 Ke6 54. Kf4 Kd6 55. Rg7 Kc6 56. Kg5 Rxb7 57. Rxb7 Kxb7 58. Kxg6 f4 59.
Kf5 Kc6 60. Kxf4 Kd6 61. Kg5 Ke7 62. Kxh5 Kf7 63. Kg5 Kg7 64. g4 Kh7 65. Kf6 Kh6 66. g5+ Kh7 67. g6+ Kh8 68. g7+ Kg8 69. h5 Kh7 70. Kf7 Kh6 71. g8=Q Kxh5 72. Kf6 Kh4 73. Kf5 Kh3 74. Kf4 Kh4 75. Qh8# 1-0

[Event "Early-Titled-Tuesday-Blitz-October-03-2023"]
[Site "Chess.com"]
[Date "2023.10.03"]
[Round "4"]
[White "GalaxyRoman"]
[Black "Herzog2012"]
[Result "1/2-1/2"]
[WhiteElo "2716"]
[BlackElo "2526"]
[TimeControl "180+1"]
[EndTime "8:41:30 PDT"]
[Termination "Game drawn by repetition"]

1. e4 c5 2. Nc3 Nc6 3. f4 g6 4.
Nf3 Bg7 5. Bb5 Nd4 6. O-O Nxb5 7. Nxb5 a6 8. Nc3 d6 9. d3 Nf6 10. Qe1 Bg4 11. h3 Bxf3 12. Rxf3 Qd7 13. Be3 Qc6 14.
Rd1 d5 15. e5 d4 16. exf6 Bxf6 17. Ne4 dxe3 18. c3 O-O 19. Qxe3 b6 20. Rf2 Rad8 21. f5 Bg7 22. Rdf1 Qd5 23. Rf3 Qxa2 24. R1f2 Qd5 25. h4 Qe5 26. h5 Kh8 27. hxg6 fxg6 28. fxg6 hxg6 29. Rxf8+ Rxf8 30. Rxf8+ Bxf8 31. Qf3 Qf5 32. Qg3 Bh6 33. Qh4 Qh5 34. Qxh5 gxh5 35. Ng3 Bc1 36. b3 Kg7 37. Nxh5+ Kg6 38. Ng3 b5 39. c4 b4 40. Ne4 a5 41. Kf2 Bb2 42. Ke2 Bd4 43.
Kd2 Kf5 44. Kc2 Kf4 45. Nd2 e5 46. Ne4 Ke3 47. g4 Kf4 48. g5 Kf5 49. Nd6+ Kxg5 50.
Nb7 Kf4 51. Nxa5 Ke3 52. Nc6 Ke2 53. Ne7 Ke3 54. Ng6 Ke2 55. Nf8 Ke3 56. Ne6 Ke2 57. Ng5 Ke3 58. Ne4 Ke2 59. Ng3+ Ke3 60. Nf1+ Ke2 61.
Nd2 Ke3 62. Ne4 Ke2 63. Ng5 Ke3 64. Nh7 Ke2 65. Nf6 Ke3 66. Nd7 Ke2 67. Nb6 Ke3 68. Nd5+ Ke2 69. Ne7 Ke3 70. Nd5+ Ke2 71. Nf6 Ke3 72.
Ne4 1/2-1/2

[Event "Early-Titled-Tuesday-Blitz-October-03-2023"]
[Site "Chess.com"]
[Date "2023.10.03"]
[Round "4"]
[White "Fantastic_Power"]
[Black "rasmussvane"]
[Result "1-0"]
[WhiteElo "2779"]
[BlackElo "2951"]
[TimeControl "180+1"]
[EndTime "8:41:31 PDT"]
[Termination "Fantastic_Power won on time"]

1. e4 c6 2. d4 d5 3. e5 Bf5 4. h4 h5 5. c4 e6 6. Nc3 Nd7 7. cxd5 cxd5 8. Bd3 Ne7 9. Nge2 Bxd3 10. Qxd3 g6 11.
Bg5 Qb6 12. O-O Nf5 13. Rac1 Bg7 14. Na4 Qb4 15. Qc3 Qxc3 16. Rxc3 Nb6 17. Nxb6 axb6 18. Rfc1 O-O 19. a3 Ra4 20. Rc7 Nxd4 21. Nxd4 Rxd4 22.
Rxb7 Bxe5 23. Rxb6 Kg7 24. g3 Rc4 25. Rxc4 dxc4 26. Rc6 Bxb2 27. Be7 Ra8 28. Rxc4 Bxa3 29. Bxa3 Rxa3 30. Kg2 Ra5 31. Rf4 Rb5 32. Rc4 Rd5 33. Rc7 Rd3 34. Ra7 Rb3 35. Rc7 Rb6 36. Ra7 Rd6 37. Rc7 Ra6 38. Rb7 Kf6 39. Rc7 Rd6 40.
Ra7 Rd5 41. Rb7 Rc5 42. Ra7 Rb5 43. Rc7 Rb6 44. Ra7 e5 45. Rc7 Ke6 46. Ra7 f6 47. Kf3 Kf5 48. Rg7 Rb3+ 49. Kg2 Rb8 50. Rh7 Rg8 51. Rh6 e4 52. Rh7 Kg4 53. Re7 Kf5 54. Rh7 Rd8 55. Re7 Rd2 56. Re8 Rc2 57. Re7 Rc3 58.
Re8 Rc7 59. Rh8 Re7 60. Rf8 Re6 61. Rf7 Kg4 62. Rg7 f5 63. Rf7 Rd6 64. Rf8 Rc6 65.
Rf7 Rb6 66. Rf8 Ra6 67. Rf7 Re6 68. Rf8 Re7 69. Rg8 Re6 70. Rf8 Ra6 71. Rg8 f4 72. Re8 f3+ 73. Kh2 Kf5 74. Rf8+ Ke5 75. g4 Ra1 76. Kg3 1-0

[Event "Early-Titled-Tuesday-Blitz-October-03-2023"]
[Site "Chess.com"]
[Date "2023.10.03"]
[Round "4"]
[White "nrvignesh"]
[Black "Russian_berezka"]
[Result "1-0"]
[WhiteElo "2834"]
[BlackElo "2615"]
[TimeControl "180+1"]
[EndTime "8:41:32 PDT"]
[Termination "nrvignesh won by resignation"]

1. d4 Nf6 2. c4 e6 3. Nc3 Bb4 4.
Nf3 d5 5. Qa4+ Nc6 6. e3 O-O 7. Qc2 b6 8. cxd5 exd5 9. Bd3 Bd6 10. a3 Bb7 11. Nb5 Be7 12. Ne5 Nxe5 13. dxe5 Ne4 14. f3 c6 15. Nd4 c5 16. Ne2 c4 17. Bxe4 dxe4 18. fxe4 Qc7 19. O-O Qxe5 20. Ng3 Rac8 21. Bd2 Rfd8 22. Bc3 Qe6 23. Rf5 Bc5 24. Raf1 Bxe3+ 25. Kh1 Rd7 26. Qe2 Bh6 27. Re5 Qg6 28. Nf5 Bg5 29. Qg4 Bf6 30. Qxg6 hxg6 31. Nh6+ Kh7 32. Ng4 Bxe5 33. Nxe5 Re7 34. Nxf7 Bxe4 35. Ng5+ Kg8 36. h4 Bf5 37. Rf4 b5 38. Rd4 Rd7 39. Rf4 Re8 40.
Kh2 Bd3 41. g4 Be2 42. Kg3 Bd3 43. Nf3 Re4 44. Ne5 Rxf4 45. Kxf4 Re7 46. Kg5 Kh7 47. Kf4 a6 48. Ke3 Bb1 49. Kd4 Re6 50. Kd5 Re8 51. Kc6 Be4+ 52. Kb6 Re6+ 53. Kc5 Bc2 54. Nd7 Re7 55. Ne5 Kg8 56. Kb6 Re6+ 57. Kc5 Bd1 58. g5 Kh7 59. Kd5 Re8 60. Kd6 Rf8 61. Kc5 Rf4 62. Kb6 Rxh4 63. Kxa6 Rg4 64. Nxg4 Bxg4 65. Kxb5 Be6 66. a4 Kg8 67. a5 Bd7+ 68.
Kxc4 Bc8 69. Kb5 Kf7 70. Kb6 Be6 71. a6 Bd5 72. Kc7 Ke6 73. b4 Kf5 74. Bd2 Ke4 75.
b5 Kd3 76. b6 Kxd2 77. b7 1-0

[Event "Early-Titled-Tuesday-Blitz-October-03-2023"]
[Site "Chess.com"]
[Date "2023.10.03"]
[Round "4"]
[White "Elprofessor21"]
[Black "AjedrezenMadrid"]
[Result "1-0"]
[WhiteElo "2648"]
[BlackElo "2470"]
[TimeControl "180+1"]
[EndTime "8:41:37 PDT"]
[Termination "Elprofessor21 won on time"]

1. d4 Nf6 2. Bf4 b6 3. Nc3 Bb7 4. f3 e6 5. e4 a6 6. Nge2 Be7 7. Qd2 b5 8. O-O-O d5 9. e5 Nfd7 10. h4 c5 11. h5 h6 12. Rh3 b4 13. Nb1 Qa5 14.
a3 Nc6 15. dxc5 bxa3 16. Nxa3 Qxd2+ 17. Bxd2 Ndxe5 18. b4 a5 19. b5 Na7 20. Be3 Rc8 21. b6 Nac6 22. Nb5 Nb4 23. Nc7+ Kd7 24. Nc3 Bc6 25. Rg3 Bf6 26. Ne4 Na2+ 27. Kb2 Nc4+ 28. Kxa2 Nxe3 29. Nxf6+ gxf6 30. Re1 Nxc2 31. Rc1 Nb4+ 32.
Ka3 Rhg8 33. Rxg8 Rxg8 34. Kb3 Rg5 35. Ra1 Rxh5 36. Rxa5 Rh1 37. Bb5 Rb1+ 38. Kc3 Bxb5 39. Nxb5 Nc6 40. b7 e5 41. Ra7 Ke6 42. b8=Q Nxb8 43.
Nc7+ Kf5 44. Nxd5 Nc6 45. Rc7 Nd4 46. Rxf7 Rc1+ 47. Kd2 Rxc5 48. Rxf6+ Kg5 49. Rd6 h5 50. Ne3 h4 51. Rd8 Ra5 52. Rg8+ Kf6 53. Rf8+ Kg6 54.
Rh8 Ra2+ 55. Kd3 Nf5 56. Rg8+ Ng7 57. Ke4 Kf7 58. Rb8 Ne6 59. Kxe5 Re2 60. Rb3 Nc5 61. Rc3 Na4 62. Ra3 Nb2 63. Kf4 Kg6 64. Ra7 Kh5 65. Ra5+ Kh6 66. Ng4+ Kh7 67. Ra7+ Kg8 68. Ne3 Kf8 69. Ke4 Nd1 70. Ra3 Nxe3 71. Rxe3 Rxg2 72.
f4 h3 73. Rxh3 Kf7 74. Rh7+ Kf6 75. Ra7 Rb2 76. Ra6+ Kf7 77. Ra5 Rb6 78. Kf5 Rb7 79. Kg5 Kg7 80. f5 Kf7 81. Ra1 Rc7 82. Rh1 Kg7 83. f6+ Kg8 84. Kg6 Rc2 85. f7+ 1-0

[Event "Early-Titled-Tuesday-Blitz-October-03-2023"]
[Site "Chess.com"]
[Date "2023.10.03"]
[Round "4"]
[White "Goi_Manne"]
[Black "Triumphmate"]
[Result "1/2-1/2"]
[WhiteElo "2295"]
[BlackElo "2471"]
[TimeControl "180+1"]
[EndTime "8:41:40 PDT"]
[Termination "Game drawn - insufficient material"]

1. e4 d5 2. exd5 Nf6 3. Nc3 Bg4 4. Be2 Bxe2 5. Qxe2 c6 6. Nf3 cxd5 7. d4 Nc6 8. Be3 e6 9. a3 Be7 10. O-O-O O-O 11.
h4 b5 12. Qxb5 Na5 13. Ne5 Rb8 14. Qd3 Nc4 15. Nxc4 dxc4 16. Qxc4 Qa5 17. d5 Rfc8 18. Qa4 Qxa4 19. Nxa4 Nxd5 20. Bxa7 Rb7 21. Bd4 Rc4 22. Nc3 Nf6 23. Rd3 h5 24. Rhd1 Kh7 25. g3 Ng4 26. f3 Nf6 27. Ne4 Nd5 28. Ng5+ Bxg5+ 29. hxg5 Kg6 30. f4 Ne7 31. Rc3 Ra4 32. Rdd3 Nf5 33. Be5 Re4 34. b4 f6 35. gxf6 gxf6 36. Bd6 Nd4 37.
Kb2 Nb5 38. Rb3 Kf5 39. a4 Nxd6 40. Rxd6 Rbxb4 41. Rxb4 Rxb4+ 42. Ka3 Rc4 43. Kb3 Rc5 44. c4 e5 45. fxe5 fxe5 46. Rd8 Rc7 47. Kb4 e4 48. a5 Re7 49. a6 e3 50. Rd1 Kg4 51.
Kb5 Kxg3 52. c5 e2 53. Ra1 e1=Q 54. Rxe1 Rxe1 55. a7 Ra1 56. Kb6 h4 57. c6 h3 58.
c7 h2 59. c8=Q h1=Q 60. Qg8+ Kf2 61. Qf7+ Ke3 62. Qe6+ Kd2 63. Qd6+ Kc3 64. Qc5+ Kb3 65. Qb5+ Kc3 66. Qc5+ Kd2 67. Qd4+ Ke2 68. Qc4+ Ke3 69. Qc3+ Kf4 70. Qd4+ Kf5 71. Qd7+ Kf6 72. Qd6+ Kg7 73. Qe7+ Kg6 74. Qe6+ Kg5 75. Qe5+ Kg4 76. Qg7+ Kh3 77. Qh6+ Kg2 78. Qxh1+ Kxh1 79. Kb7 Rxa7+ 80. Kxa7 1/2-1/2

[Event "Early-Titled-Tuesday-Blitz-October-03-2023"]
[Site "Chess.com"]
[Date "2023.10.03"]
[Round "4"]
[White "ArtemDyachuk"]
[Black "HajiyevKanan"]
[Result "0-1"]
[WhiteElo "2672"]
[BlackElo "2530"]
[TimeControl "180+1"]
[EndTime "8:41:51 PDT"]
[Termination "HajiyevKanan won by resignation"]

1. e4 c6 2. d4 d5 3. e5 a6 4.
Nd2 Bf5 5. Nb3 e6 6. a4 Nd7 7.
a5 c5 8. Nf3 c4 9. Nbd2 Bb4 10.
c3 Bxa5 11. Nh4 Ne7 12. Be2 Bg6 13. O-O Bc7 14. h3 Nf5 15. Nxg6 hxg6 16. Nf3 Qb8 17.
b3 cxb3 18. Ba3 Bd8 19. Qxb3 Be7 20. Bxe7 Nxe7 21. Qa3 Qd8 22. Rfb1 Rb8 23. Rb3 O-O 24. Rab1 b5 25. Qxa6 Qb6 26. Qxb6 Rxb6 27. Bxb5 Rfb8 28. Ba4 Rxb3 29. Rxb3 Rxb3 30. Bxb3 Nb6 31. Nd2 Nc6 32. Kf1 f6 33. exf6 gxf6 34. Ke2 Kf7 35. Kd3 Ke7 36. Nf1 Na5 37. Ba2 Nac4 38. Ne3 Nxe3 39. fxe3 Kd6 40. Bb3 g5 41. Ke2 e5 42. Kd3 f5 43.
Ke2 e4 44. g3 Ke6 45. Kf2 Kf6 46. h4 Kg6 47. Ba2 Kf6 48. Bb3 Kg6 49. Kg2 Kh5 50. Bd1+ Kg6 51. Bb3 Kf6 52. hxg5+ Kxg5 53. Kh3 Kh5 54.
Ba2 Kg5 55. Bb3 Kh5 56. g4+ fxg4+ 57. Kg3 Kg5 58. Bd1 Nc4 59. Bxg4 Nxe3 60. Be6 Kf6 61. Bg8 Kg7 62. Be6 Kf6 63. Bc8 Nd1 64. Bb7 Nxc3 65. Kf4 Ke6 66. Bc8+ Kd6 67. Bg4 Nb5 68. Ke3 Na3 69. Kd2 Nc4+ 70. Kc3 Ne3 71. Be2 Nf5 72. Bg4 Ne3 73. Be2 Ke6 74. Kd2 Nc4+ 75.
Kc3 Nd6 76. Kd2 Kf5 77. Ke3 Nc4+ 78. Kf2 Kf4 79. Bf1 Ne3 80. Be2 Nc2 81. Ba6 Nxd4 82. Bb7 Ke5 83. Ke3 Nf5+ 84. Ke2 d4 85. Ba8 d3+ 86.
Ke1 Kd4 87. Bb7 e3 88. Bf3 Nh4 89. Bg4 Ng6 90. Kd1 Ne5 91. Bh5 Nc4 92. Ke1 Nd6 93.
Kd1 Ne4 94. Ke1 Nc3 95. Bf3 d2+ 96. Kf1 Kd3 97. Bd1 Nxd1 98. Kg2 e2 99. Kg3 e1=Q+ 0-1

[Event "Early-Titled-Tuesday-Blitz-October-03-2023"]
[Site "Chess.com"]
[Date "2023.10.03"]
[Round "4"]
[White "JiaHaoxiang"]
[Black "Kopytkin"]
[Result "1-0"]
[WhiteElo "2622"]
[BlackElo "2397"]
[TimeControl "180+1"]
[EndTime "8:42:01 PDT"]
[Termination "JiaHaoxiang won on time"]

1. d4 Nf6 2. Bf4 c5 3. d5 Qb6 4. Nc3 Qxb2 5. Bd2 Qb6 6. e4 d6 7. f4 e5 8. f5 a6 9. g4 h6 10. h4 c4 11. Bxc4 Qd4 12. Bd3 Nbd7 13. Nge2 Qc5 14. Ng3 b5 15. Qf3 Bb7 16. a4 b4 17. Nd1 a5 18. Be3 Qc7 19. g5 Ng8 20.
c3 Nc5 21. Bxc5 Qxc5 22. cxb4 Qxb4+ 23. Kf2 Qd2+ 24. Be2 hxg5 25. hxg5 Rxh1 26. Nxh1 Qxg5 27. Bb5+ Ke7 28. Ng3 Nf6 29. Ne3 g6 30. Rb1 Bh6 31.
Ngf1 Qh4+ 32. Ke2 Qxe4 33. Qxe4 Nxe4 34. Kd3 Nc5+ 35. Ke2 Rc8 36. Bc4 Rc7 37. Rb5 Nxa4 38. Rxa5 Nc5 39. Ra7 Kd8 40. fxg6 fxg6 41. Bb5 Bc8 42. Ra1 Rb7 43. Bc6 Rb2+ 44. Kf3 Bf5 45.
Ra8+ Kc7 46. Nxf5 gxf5 47. Ng3 Rb3+ 48. Kg2 Rb2+ 49. Kh3 Rb3 50. Kg2 Bf4 51. Nxf5 Ne4 52. Ra7+ Kb8 53. Rg7 Rb2+ 54. Kf3 Rb3+ 55. Kxe4 Rb4+ 56.
Kf3 Rb3+ 57. Kg4 Rb1 58. Nxd6 Rg1+ 59. Kf5 Rxg7 60. Ne4 Rc7 61. Ke6 Rxc6+ 62. dxc6 Kc7 63. Kd5 Bh2 64. Nc5 Bg1 65. Ne6+ Kc8 66. Kxe5 Bb6 67.
Kd6 Ba5 68. Nd4 Bc7+ 69. Kd5 Kb8 70. Nb5 Bb6 71. Kd6 Kc8 72. Ke7 Kb8 73. Kd7 Ka8 74.
Nd6 Kb8 75. Nc4 Bc7 76. Ne3 Bb6 77. Nd5 Ba5 78. Ne7 Ka7 79. Nc8+ Ka6 80. Kd6 Kb5 81. Na7+ Ka6 82. Nc8 Kb5 83. Kd7 Kc5 84. Nd6 Bb6 85. Ne4+ Kd5 86. Nc3+ Kc4 87. Na4 Ba5 88. Kd6 Kb3 89.
Nc5+ Kc4 90. Nb7 Bb6 91. Kd7 Kb5 92. Nd6+ Ka6 93. Kc8 Ka7 94. Nb5+ Ka6 95. Nc3 Ka5 96. Nd5 1-0

[Event "Early-Titled-Tuesday-Blitz-October-03-2023"]
[Site "Chess.com"]
[Date "2023.10.03"]
[Round "4"]
[White "MdChess1734"]
[Black "hakanazeri2"]
[Result "0-1"]
[WhiteElo "2378"]
[BlackElo "2601"]
[TimeControl "180+1"]
[EndTime "8:42:33 PDT"]
[Termination "hakanazeri2 won by resignation"]

1. e4 a6 2. d4 b5 3. Bd3 Bb7 4. Nf3 e6 5. c3 c5 6. O-O Nf6 7.
a4 c4 8. Bc2 Nxe4 9. Re1 Nf6 10. Bg5 Be7 11. Bxf6 Bxf6 12. d5 O-O 13. Be4 exd5 14.
Bxd5 Nc6 15. Nbd2 Be7 16. Ne4 Qc7 17. Neg5 Bxg5 18. Nxg5 Qf4 19. Qh5 h6 20. Nh3 Qf6 21.
Re3 Na5 22. Rae1 Bxd5 23. Qxd5 Nc6 24. axb5 axb5 25. Qxb5 Rab8 26. Qxc4 Rxb2 27. Rf3 Qg6 28. Qf4 Rfb8 29. Rg3 Qh5 30. Rge3 Qc5 31. Qg3 Qh5 32. Nf4 Qg5 33. h4 Qxg3 34. Rxg3 Rc2 35. Nh5 g6 36. Nf6+ Kg7 37. Nxd7 Rbb2 38. Ne5 Nxe5 39. Rxe5 Rxf2 40. Ree3 Rfc2 41. Kh2 h5 42. Ref3 Rd2 43. Re3 Rb1 44. Rgf3 Rbb2 45. Rg3 f6 46. Ref3 Kf7 47. Re3 Kg7 48.
Re4 Rdc2 49. Re7+ Kh6 50. Re6 Kg7 51. Ree3 Rf2 52. Rd3 Rb1 53. Rgf3 Re2 54. Kg3 Rbb2 55. Rd7+ Kh6 56. Rxf6 Rxg2+ 57. Kf4 Rbf2+ 58. Ke5 Rxf6 59. Kxf6 Rf2+ 60. Ke5 Re2+ 61. Kf6 Rf2+ 62. Ke5 Rc2 63. Rc7 Rh2 64. c4 Rxh4 65. c5 Rc4 66. c6 h4 67. Kd5 Rc1 68. Ra7 Kg5 69. c7 h3 70. Kd6 h2 71. Ra5+ Kg4 72. Rc5 Rd1+ 73. Ke7 Re1+ 74. Kf8 Rf1+ 75. Kg8 h1=Q 76. c8=Q+ Rf5 77.
Rc4+ Kh5 78. Qd8 Qd5+ 79. Qxd5 Rxd5 80. Kf7 Rf5+ 81. Ke6 Rf2 82. Ke5 g5 83. Rc1 g4 84.
Ke4 Kh4 85. Ke3 Rf8 86. Rh1+ Kg3 87. Rg1+ Kh3 88. Rh1+ Kg2 89. Rh7 g3 90. Rg7 Kh2 91.
Ke2 g2 92. Rh7+ Kg1 93. Rg7 Rf5 94. Rg6 Rf8 95. Rg7 Re8+ 96. Kf3 Kf1 97. Rxg2 Rf8+ 0-1

[Event "Early-Titled-Tuesday-Blitz-October-03-2023"]
[Site "Chess.com"]
[Date "2023.10.03"]
[Round "4"]
[White "Orujov2008"]
[Black "szachuspl"]
[Result "0-1"]
[WhiteElo "2646"]
[BlackElo "2520"]
[TimeControl "180+1"]
[EndTime "8:42:34 PDT"]
[Termination "szachuspl won on time"]

1. e4 c5 2. Nf3 Nf6 3. Nc3 d5 4.
exd5 Nxd5 5. Nxd5 Qxd5 6. d4 Bg4 7. Be2 cxd4 8. O-O Nc6 9. c4 Qd7 10. Re1 Rd8 11. h3 Bxf3 12. Bxf3 e6 13. a3 Be7 14. b4 O-O 15. Bb2 Bf6 16. Qb3 a6 17. Rad1 Qc7 18. a4 h6 19. c5 a5 20. b5 Nb4 21. c6 bxc6 22. bxc6 Nxc6 23. Qc4 Qb6 24. Qxc6 Qxb2 25. Be4 Rc8 26. Qb5 Qxb5 27. axb5 Rb8 28. Bc6 Rfd8 29. Rd3 e5 30. f3 Rb6 31. Ra1 Rc8 32. Rxa5 Rcxc6 33. bxc6 Rxc6 34. Kf2 h5 35. g3 h4 36. g4 Rc2+ 37. Kg1 Kh7 38. g5 Bxg5 39.
Rxe5 Be3+ 40. Kh1 Kg6 41. Re4 Rc1+ 42. Kg2 Kh5 43. Re5+ g5 44. Re4 Rc2+ 45. Kh1 Rc1+ 46. Kh2 Bg1+ 47. Kg2 Be3 48. Rexe3 Rc2+ 49. Kg1 dxe3 50.
Rxe3 Kg6 51. Re4 Kf5 52. Rg4 f6 53. Re4 Rd2 54. Rg4 Re2 55. Ra4 Rd2 56. Re4 Rb2 57. Rg4 Rb5 58. Re4 Re5 59. Ra4 Kg6 60. Kf2 Rc5 61.
Ra2 Rc1 62. Kg2 Rc4 63. Ra5 Kf7 64. Ra6 Ke7 65. Rb6 Kf7 66. Ra6 Kg6 67. Ra5 Rf4 68.
Rb5 Rf5 69. Rb4 Re5 70. Rg4 Kf5 71. Rb4 Rd5 72. Rc4 Rd2+ 73. Kg1 Ra2 74. Re4 Kg6 75.
Rb4 f5 76. Rb6+ Kh5 77. Rb5 f4 78. Rb4 Re2 79. Rb6 Re5 80. Rc6 Rd5 81. Rb6 Rd3 82. Kg2 Rd8 83. Kf2 Rg8 84. Kg1 Rg6 85. Rb8 Kh6 86.
Rb7 Rd6 87. Kg2 Kg6 88. Kf2 Rd5 89. Rb6+ Kf5 90. Ra6 Ke5 91. Rg6 Kd4 92. Re6 Kd3 93.
Re4 Kd2 94. Kg1 Rd3 95. Kg2 Re3 96. Rd4+ Ke2 97. Ra4 Rd3 98. Ra2+ Rd2 99. Ra3 Ke1+ 100. Kg1 Ke2 101. Kg2 Rc2 102. Kg1 Rb2 103. Kg2 Rd2 104.
Kg1 Ke1 105. Ra1+ Ke2 106. Ra3 Rd3 107. Kg2 Rxa3 108. Kg1 Kxf3 0-1

[Event "Early-Titled-Tuesday-Blitz-October-03-2023"]
[Site "Chess.com"]
[Date "2023.10.03"]
[Round "5"]
[White "igorkovalenko"]
[Black "OriTaichman"]
[Result "1-0"]
[WhiteElo "2865"]
[BlackElo "2632"]
[TimeControl "180+1"]
[EndTime "8:50:50 PDT"]
[Termination "igorkovalenko won by resignation"]

1. c4 g6 2. g3 Bg7 3. Bg2 Nf6 4.
Nf3 O-O 5. O-O d6 6. Nc3 Nc6 7. h3 Rb8 8. Kh2 Na5 9. d3 c5 10. Bd2 a6 11. Rc1 b5 12. b3 e6 13. e3 d5 14.
cxd5 exd5 15. Ne2 b4 16. Rxc5 1-0